 Dungeon Crawl Stone Soup version 0.29-a0-789-g7a8fcbc185 (webtiles) character file.

Game seed: 14177816125136864686

51 kevlar127 the Ruffian (level 3, 0/37 HPs)
             Began as a Troll Berserker on July 2, 2022.
             Was a Believer of Trog.
             Slain by a gnoll
             ... wielding a +0 halberd
              (10 damage)
             ... on level 3 of the Dungeon.
             The game lasted 00:03:40 (1464 turns).

kevlar127 the Ruffian (Troll Berserker)             Turns: 1464, Time: 00:03:41

Health: 0/37       AC:  4    Str: 27    XL:     3   Next: 58%
Magic:  2/2        EV: 10    Int:  3    God:    Trog [**....]
Gold:   133        SH:  0    Dex:  9    Spells: 2/2 levels left

rFire   . . .      SeeInvis .     - Unarmed
rCold   . . .      Faith    .   (no shield)
rNeg    . . .      Spirit   .   a - +0 animal skin
rPois   .          Reflect  .   (helmet restricted)
rElec   .          Harm     .   (no cloak)
rCorr   +          Rampage  .   (gloves unavailable)
Will    .....                   (boots unavailable)
Stlth   +.........              (no amulet)
HPRegen 0.92/turn               g - ring of resist corrosion
MPRegen 0.08/turn               (no ring)

@: no status effects
A: large, unfitting armour, claws 3, regeneration 1, shaggy fur 1, tough skin 1
a: Renounce Religion, Berserk, Trog's Hand


You were on level 3 of the Dungeon.
You worshipped Trog.
Trog was pleased with you.
You visited 1 branch of the dungeon, and saw 4 of its levels.

You collected 133 gold pieces.

Inventory:

Missiles
 b - 3 stones (quivered)
Armour
 a - a +0 animal skin (worn)
Jewellery
 g - a ring of resist corrosion (left claw)
Scrolls
 f - 3 scrolls of poison {unknown}
 i - 2 scrolls of identify {unknown}
 k - a scroll of enchant weapon {unknown}
 m - a scroll of enchant armour {unknown}
Potions
 c - a potion of ambrosia {unknown}
 d - a potion of heal wounds {unknown}
 e - a potion of brilliance {unknown}
 h - a potion of flight {unknown}
 j - a potion of cancellation {unknown}
 l - a potion of haste {unknown}


   Skills:
 * Level 3.0 Fighting
 + Level 0.0 Throwing
 + Level 2.9 Dodging
 * Level 3.6 Unarmed Combat


You had 2 spell levels left.
You didn't know any spells.
Your spell library was empty.

Dungeon Overview and Level Annotations

Branches:
Dungeon (4/15)
 Temple: D:4-7

Altars:


Innate Abilities, Weirdness & Mutations

You are too large for most types of armour.
You have claws for hands.
Your natural rate of healing is unusually fast.
You are covered in fur. (AC +1)
You have tough skin. (AC +1)


Message History

Your Fighting skill increases to level 3!
You barely miss the endoplasm.
The gnoll hits you from afar with a +0 halberd!
The endoplasm freezes you.
You are frozen.
You barely miss the endoplasm. The gnoll misses you. The endoplasm freezes you.
You are frozen.
You scratch the endoplasm but do no damage.
The gnoll splashes around in the water.
The endoplasm freezes you.
You are frozen.
You claw the endoplasm!
You kill the endoplasm!
Trog accepts your kill. The gnoll barely misses you.
The gnoll hits you from afar with a +0 halberd.
You see here a rat corpse.
You see here a bubbling pink potion.
You scratch the gnoll.
The gnoll is heavily wounded.
The gnoll hits you with a +0 halberd.
The gnoll splashes around in the water.
You are too injured to fight recklessly!
You are too injured to fight recklessly!
You are too injured to fight recklessly!
You are too injured to fight recklessly!
You are too injured to fight recklessly!
You are too injured to fight recklessly!
You are too injured to fight recklessly!
You are too injured to fight recklessly!
You are too injured to fight recklessly!
You scratch the gnoll.
The gnoll is moderately wounded.
The gnoll hits you with a +0 halberd. The gnoll hits you with a +0 flail.
* * * LOW HITPOINT WARNING * * *
The gnoll closely misses you.
You scratch the gnoll. Your claw misses the gnoll.
The gnoll is severely wounded.
The gnoll hits you with a +0 halberd!
You die...

#.##≈≈≈≈## ...≈≈≈≈≈.# .#
##.#≈≈≈≈≈.#.# #.# ...≈≈≈≈....#
#.# ####.≈≈≈≈≈#..## #.#
##....≈≈≈≈≈#...# # #.#
##..88≈≈≈≈≈88?..# # #.#
#......!........# # #.#
#....g@g........# # ..#
.....88g≈≈≈≈88..## # #.##
..?...#g≈≈≈.###.# # ##.##
####..≈≈≈≈≈.....# # #..#
##..≈≈≈≈≈###### # #..# #
#..?≈≈≈≈##############
#.#.#.#####.#.≈≈≈≈≈..............
.##.#(........≈≈≈≈≈.#############
......# #.#.≈≈≈≈###


You could see 4 gnolls.

Vanquished Creatures
  An adder (D:2)
  2 dart slugs (D:2)
  4 endoplasms
  7 hobgoblins
  4 ball pythons
  6 bats (D:1)
  2 frilled lizards (D:1)
  3 goblins
  5 kobolds
  4 rats
38 creatures vanquished.

Notes
Turn   | Place    | Note
-------+----------+-------------------------------------------
     0 | D:1      | kevlar127 the Troll Berserker began the quest for the Orb.
     0 | D:1      | Reached XP level 1. HP: 22/22 MP: 0/0
   233 | D:1      | Reached XP level 2. HP: 29/29 MP: 1/1
   268 | D:1      | Found a faded altar of an unknown god.
   744 | D:2      | Reached ** piety under Trog
   788 | D:2      | Reached XP level 3. HP: 35/36 MP: 2/2
  1344 | D:3      | You fall into a shaft and drop 1 floor!
  1464 | D:3      | Slain by a gnoll

Illustrated notes

Levels and vault maps discovered:
D:1:      ebering_hopf_link, layout_loops_ring,
          shapermc_ecumenical_altar_pompeii
D:2:      layout_basic
D:3:      wander_river, layout_loops_ring
D:4:      layout_rooms, temple_green

Skill      XL: |  1  2  3 |
---------------+----------+-----
Fighting       | 3 |  3.0
Dodging        | |  2.9
Unarmed Combat | |  3.6

Action                   || total
-------------------------++-------
Melee: Unarmed           ||    89
       Punch             ||     2
Throw: Stone             ||    13
Armor: Animal skin       ||    31
Dodge: Dodged            ||    48

Table legend: (Time is in decaauts)
 A = Elapsed time spent in this place.
 B = Non-inter-level travel time spent in this place.
 C = Inter-level travel time spent in this place.
 D = Time resting spent in this place.
 E = Time spent auto-exploring this place.
 F = Levels seen in this place.
 G = Mean time per level.
                   A        B        C        D        E       F      G
               +--------+--------+--------+--------+--------+-----+--------+
         Total |   1464 |   1372 |     92 |      0 |   1091 |   4 |  366.0 |
       Dungeon |   1464 |   1372 |     92 |      0 |   1091 |   4 |  366.0 |
               +--------+--------+--------+--------+--------+-----+--------+

Top non-repeatable levels by time:
     D:1: 673 daAuts
     D:2: 652 daAuts
     D:3: 120 daAuts
     D:4: 16 daAuts
